 Dungeon Crawl Stone Soup version 0.17-a0-112-ge7edae9 (console) character file.

59450 MrRokkomies the Bewitcher (level 14, -11/113 HPs)
             Began as a Vampire Enchanter on Mar 18, 2015.
             Was a Priest of Ashenzari.
             Mangled by a hornet (16 damage)
             ... on level 8 of the Lair of Beasts on Mar 19, 2015.
             The game lasted 01:44:35 (23074 turns).

MrRokkomies the Bewitcher (Vampire Enchanter)      Turns: 23074, Time: 01:44:36

Health: -11/113    AC:  9    Str: 10    XL:     14   Next: 53%
Magic:  27/29      EV: 21    Int: 21    God:    Ashenzari [***...]
Gold:   801        SH:  0    Dex: 17    Spells: 5 memorised, 7 levels left

rFire  . . .     SeeInvis +     a - +2 dagger (venom)
rCold  + . .     Clarity  +     M - +1 robe of Vytruom {rElec MR- Dex+3 SInv}
rNeg   + + +     SustAb   .     (no shield)
rPois  +         Gourm    .     B - +1 helmet
rElec  +         Spirit   .     O - +1 cloak {MR+} (curse)
rCorr  .         Warding  +     G - +1 pair of gloves {Str+3}
rMut   .         Stasis   .     (no boots)
MR     +....                    i - amulet of warding
Stlth  ++++++....               g - -3 ring of evasion (curse)
                                s - +3 ring of slaying

@: regenerating slowly, somewhat resistant to hostile enchantments, very
stealthy
A: bottle blood, fangs 3, see invisible, unbreathing
a: Bat Form, Renounce Religion


You were on level 8 of the Lair of Beasts.
You worshipped Ashenzari.
Ashenzari was most pleased with you.
You were thirsty.

You visited 3 branches of the dungeon, and saw 19 of its levels.
You also visited: Sewer, Ossuary and Volcano.

You collected 1181 gold pieces.
You spent 380 gold pieces at shops.

Inventory:

Hand weapons
 a - a +2 dagger of venom (weapon)
 b - a +2 blowgun
 m - a +1 short sword of protection
 u - a +1 vampiric rapier
 I - a +0 scimitar of freezing
Missiles
 l - 70 poisoned needles
 v - 13 tomahawks (quivered)
 K - 3 throwing nets
Armour
 y - a +2 robe of fire resistance
 B - a +1 helmet (worn)
 G - a +1 pair of gloves of strength (worn)
 H - a +1 robe of cold resistance
 M - the +1 robe of Vytruom (worn) {rElec MR- Dex+3 SInv}
   (You bought it in a shop on level 10 of the Dungeon)

   It affects your dexterity (+3).
   It insulates you from electricity.
   It affects your resistance to hostile enchantments.
   It enhances your eyesight.
 O - a cursed +1 cloak of magic resistance (worn)
Jewellery
 g - a cursed -3 ring of evasion (right hand)
 i - an amulet of warding (around neck)
 k - a +3 ring of evasion
 o - an uncursed ring of protection from fire
 s - a +3 ring of slaying (left hand)
 D - an uncursed ring of protection from magic
 V - an uncursed amulet of guardian spirit
 X - a cursed ring of teleportation
Magical devices
 c - a wand of cold (9)
 w - a wand of frost (36)
 P - a wand of fire (5)
 Q - a wand of fire (12)
 W - a wand of draining (10)
Scrolls
 q - a scroll of blinking
 t - 6 scrolls of teleportation
 x - 4 scrolls of recharging
 A - a scroll of immolation
 C - 2 scrolls of fog
 S - 6 scrolls of enchant armour
 U - a scroll of identify
Potions
 d - 6 potions of curing
 e - a potion of cancellation
 f - 3 potions of haste
 h - 11 potions of brilliance
 n - 5 potions of agility
 p - 3 potions of invisibility
 r - 4 potions of flight
 z - 5 potions of resistance
 E - 4 potions of might
 F - 3 potions of restore abilities
 N - a potion of magic
 R - a potion of berserk rage
Books
 L - an Akashic Record {highlevel}

   This book is beyond your current level of understanding.

   Spells                             Type                      Level
   a - Dispersal                      Translocation                6
   b - Controlled Blink               Translocation                7
   c - Malign Gateway                 Summoning/Translocation      7
   d - Disjunction                    Translocation                8
   e - Singularity                    Translocation                9
 Y - a book of Control

   Spells                             Type                      Level
   a - Control Teleport               Charms/Translocation         4
   b - Control Undead                 Necromancy                   4
   c - Enslavement                    Hexes                        4
   d - Metabolic Englaciation         Hexes/Ice                    5
   e - Mass Confusion                 Hexes                        6
Miscellaneous
 T - a lantern of shadows


   Skills:
 * Level 11.4 Fighting
 - Level 10.0 Short Blades
 - Level 15.0 Dodging
 - Level 10.0 Stealth
 - Level 7.0 Spellcasting
 - Level 15.4 Hexes
 * Level 6.0 Ice Magic


You had 7 spell levels left.
You knew the following spells:

 Your Spells              Type           Power        Failure   Level  Hunger
a - Confuse               Hex            ######..     1%          3    #......
b - Ensorcelled Hibernat  Hex/Ice        ######       1%          2    None
c - Enslavement           Hex            ######..     1%          4    ###....
d - Mass Confusion        Hex            ######....   2%          6    ######.
e - Metabolic Englaciati  Hex/Ice        ######....   2%          5    #####..


Dungeon Overview and Level Annotations

Branches:
Dungeon (10/15)            Temple (1/1) D:6            Lair (8/8) D:10
  Swamp (0/5) Lair:3       Spider (0/5) Lair:5        Slime (0/6) Lair:8
    Orc (0/4) D:10

Altars:
Ashenzari
Cheibriados
Dithmenos
Elyvilon
Fedhas
Gozag
Kikubaaqudgha
Makhleb
Nemelex Xobeh
Okawaru
Qazlal
Ru
Sif Muna
Trog
Vehumet
Xom
Yredelemnul
Zin
The Shining One
Jiyva

Shops:
D:5 }   D:6 [   D:10 :[!*

Annotations:
D:5 Menkaure
D:9 exclusion: oklob plant


Innate Abilities, Weirdness & Mutations

You heal slowly.
You can bottle blood from corpses.
You have razor-sharp teeth.
You have supernaturally acute eyesight.
You can survive without breathing.


Message History

You feel better. The black mamba bites you! The hornet barely misses you.
The wolf spider hits you but does no damage.
The wolf spider bites you but does no damage.
The black mamba barely misses you. The hornet stings you!
The wolf spider hits you!
* * * LOW HITPOINT WARNING * * *
The wolf spider closely misses you. The black mamba completely misses you.
The hornet completely misses you.
Drink which item? (? for menu, Esc to quit)
Okay, then.
Unknown command.
Read which item? (? for menu, Esc to quit)
As you read the scroll of fear, it crumbles to dust.
You assume a fearsome visage.
The black mamba looks frightened!
The wolf spider easily resists.
The hornet easily resists.
You feel yourself speed up. The wolf spider hits you!
* * * LOW HITPOINT WARNING * * *
The wolf spider completely misses you. The hornet stings you!
You die...

....P..†...##).# ,#).##......P..P
.P..P###....##.##*#.##.....###P..
....##{###..(#..#####.÷†.###.P...
....#∆∆ .###....†.##†..###....P.#
....#* ∆S..####††..#.###.......#.
....#*, .s....P.PP.###...........
...?#* ?S.......SP.###.........P.
PP.# ,..####s†y.#.###....P.... *
,{##@.##...###....... ∆
#####†....###.P... * {
*#†.#.....###... , ∆*,
#).##......P... * ,
#..##..##......... , ,
#....#...##...P.... , * ,
##....##...##....... ,
#......#....###.....
##......##....##.....


You could see a wolf spider, a hornet and a black mamba (fleeing).

Vanquished Creatures
  The ghost of nataq the Fighter, a powerful DrFi of Cheibriados (Lair:3)
  Fannar (Lair:1)
  Harold (Lair:2)
  An anaconda (Lair:5)
  5 hydras
  8 death yaks (Lair:6)
  2 unseen horrors (D:10)
  A swamp dragon (Lair:3)
  A hill giant (D:10)
  A lindwurm (Lair:4)
  An ugly thing (Volcano)
  22 elephants
  16 black mambas
  14 spiny frogs
  A toenail golem (Volcano)
  5 torpor snails
  2 gargoyles
  2 fire drakes
  The ghost of catsarecewl the Covert, an experienced OpAs of Dithmenos (D:6)
  An efreet (Volcano)
  6 komodo dragons
  3 trolls (D:10)
  A baby alligator (Lair:3)
  3 polar bears
  8 blink frogs
  The ghost of catsarecewl the Sneak, an average OpAs (D:4)
  4 wyverns
  2 basilisks
  2 trapdoor spiders (Lair:3)
  A spriggan (D:8)
  A wraith (D:10)
  8 hippogriffs
  Eustachio (D:9)
  20 yaks
  12 wolves
  A hungry ghost (D:10)
  A deep elf fighter (D:10)
  7 orc warriors
  3 sky beasts
  13 porcupines
  3 spiders (Lair:8)
  2 centaurs
  2 wasps (Lair:8)
  4 black bears
  5 ice beasts
  26 water moccasins
  3 phantoms
  A boring beetle (Lair:7)
  8 ogres
  13 crocodiles
  2 big kobolds
  Blork the orc (D:9)
  A wyvern zombie (Ossuary)
  15 giant frogs
  A gnoll sergeant (D:9)
  A water moccasin zombie (D:9)
  A quasit (D:8)
  5 bog bodies (Ossuary)
  4 goliath beetles
  5 wights (D:5)
  10 hounds
  4 jellies
  2 electric eels
  6 crimson imps
  2 giant frog skeletons
  4 giant frog zombies
  10 orc priests
  A wasp zombie (Ossuary)
  4 centaur zombies
  6 iguanas
  7 orc wizards
  A centaur skeleton (D:7)
  12 sheep
  13 worker ants
  Ijyb (D:5)
  7 mummies
  20 adders
  11 gnolls
  59 river rats
  4 giant mites
  2 shadow imps
  4 worms (D:8)
  2 adder zombies (Ossuary)
  45 orcs
  6 bat zombies
  9 giant cockroaches
  17 hobgoblins
  32 kobolds
  13 oozes (D:9)
  10 quokkas
  5 ball pythons
  23 bats
  4 giant newts
  13 goblins
  A goblin zombie (D:4)
  11 jackals
  2 jackal zombies (Ossuary)
  5 quokka zombies
  26 rats
  A fungus (Lair:8)
703 creatures vanquished.

Vanquished Creatures (collateral kills)
  A yak (Lair:4)
  An orc warrior (D:10)
  2 orcs (D:6)
4 creatures vanquished.

Vanquished Creatures (others)
  An orc warrior (D:10)
  A gnoll shaman (D:6)
  A gnoll (D:6)
  7 fungi
  6 plants
16 creatures vanquished.

Grand Total: 723 creatures vanquished

Notes
Turn   | Place    | Note
--------------------------------------------------------------
     0 | D:1      | MrRokkomies, the Vampire Enchanter, began the quest for the Orb.
     0 | D:1      | Reached XP level 1. HP: 13/13 MP: 3/3
   272 | D:1      | Reached XP level 2. HP: 19/19 MP: 4/4
   283 | D:1      | Learned a level 2 spell: Ensorcelled Hibernation
   308 | D:1      | Reached skill level 5 in Hexes
   636 | D:1      | Reached XP level 3. HP: 20/24 MP: 0/6
  1238 | D:2      | Found a shimmering altar of Xom.
  1279 | D:2      | Found a shimmering altar of Xom.
  1282 | D:2      | Found a shimmering altar of Xom.
  1826 | D:3      | Reached skill level 6 in Hexes
  1826 | D:3      | Reached XP level 4. HP: 30/30 MP: 2/7
  2048 | D:3      | Found a glowing drain.
  2071 | Sewer    | Entered a sewer
  2659 | Sewer    | Noticed a big kobold
  2685 | Sewer    | Killed a big kobold
  2685 | Sewer    | Reached skill level 7 in Hexes
  2685 | Sewer    | Reached XP level 5. HP: 26/35 MP: 9/9
  2730 | Sewer    | Learned a level 3 spell: Confuse
  3215 | D:4      | Reached XP level 6. HP: 36/41 MP: 1/10
  3378 | D:4      | Noticed an ogre
  3398 | D:4      | Noticed catsarecewl's ghost (average OpAs)
  3399 | D:4      | Found a sand-covered staircase.
  3402 | D:4      | Killed an ogre
  3402 | D:4      | Reached skill level 5 in Short Blades
  3407 | Ossuary  | Entered an ossuary
  3457 | Ossuary  | Reached skill level 8 in Hexes
  3628 | Ossuary  | Reached XP level 7. HP: 31/46 MP: 8/12
  3678 | Ossuary  | HP: 1/46 [mummy (11)]
  3849 | Ossuary  | Reached skill level 9 in Hexes
  4534 | D:4      | Killed catsarecewl's ghost
  4534 | D:4      | Reached skill level 10 in Hexes
  4534 | D:4      | Reached XP level 8. HP: 46/52 MP: 3/13
  4768 | D:4      | Found a white marble altar of Elyvilon.
  4962 | D:5      | Entered Level 5 of the Dungeon
  4974 | D:5      | Found Qigist's Gadget Emporium.
  5018 | D:5      | Noticed Menkaure
  5305 | D:5      | Found a radiant altar of Vehumet.
  5417 | D:5      | Found a sparkling altar of Nemelex Xobeh.
  5505 | D:5      | Reached skill level 5 in Dodging
  5512 | D:5      | Noticed Ijyb
  5529 | D:5      | Killed Ijyb
  5537 | D:5      | Learned a level 4 spell: Enslavement
  6111 | D:6      | Found a basalt altar of Yredelemnul.
  6112 | D:6      | Noticed a profane servitor
  6129 | D:6      | Found a glowing golden altar of the Shining One.
  6130 | D:6      | Noticed an angel
  6170 | D:6      | Noticed catsarecewl's ghost (experienced OpAs)
  6187 | D:6      | Killed catsarecewl's ghost
  6200 | D:6      | Found a staircase to the Ecumenical Temple.
  6246 | D:6      | Reached XP level 9. HP: 52/57 MP: 8/14
  6262 | Temple   | Entered the Ecumenical Temple
  6435 | Temple   | Became a worshipper of Ashenzari the Shackled
  6580 | D:6      | Found a shadowy altar of Dithmenos.
  7281 | D:6      | Reached skill level 10 in Short Blades
  7361 | D:6      | Found Keef's Armour Shop.
  7373 | D:6      | Bought a +1 pair of gloves of strength for 198 gold pieces
  7567 | D:6      | Upgraded the game from 0.17-a0-105-g8f3376a to 0.17-a0-112-ge7edae9
  7611 | D:7      | Reached skill level 1 in Fighting
  7743 | D:7      | Found a sacrificial altar of Ru.
  8091 | D:7      | Found a burning altar of Makhleb.
  8335 | D:8      | Found a blossoming altar of Fedhas.
  8536 | D:8      | You fall through a shaft!
  8556 | D:9      | Reached XP level 10. HP: 57/71 MP: 16/16
  8855 | D:9      | Noticed Eustachio
  8863 | D:9      | Killed Eustachio
  9256 | D:9      | Noticed an oklob plant
  9479 | D:9      | Identified a scroll of acquirement
  9534 | D:9      | Reached skill level 5 in Fighting
  9652 | D:9      | Noticed Blork the orc
  9663 | D:9      | Killed Blork the orc
  9886 | D:9      | Reached skill level 10 in Dodging
  9906 | D:9      | HP: 1/74 [acid (8)]
 10408 | D:8      | Noticed a moth of wrath
 10571 | D:8      | Found a bloodstained altar of Trog.
 11129 | D:10     | Entered Level 10 of the Dungeon
 11196 | D:10     | Found Prikuora's General Store.
 11290 | D:10     | Noticed an unseen horror
 11298 | D:10     | Killed an unseen horror
 11318 | D:10     | Reached skill level 11 in Dodging
 11377 | D:10     | Reached skill level 5 in Stealth
 11377 | D:10     | Reached XP level 11. HP: 44/84 MP: 1/17
 11479 | D:10     | Found Esmet's Book Emporium.
 11537 | D:10     | Found Boiph's Antique Armour Shoppe.
 11547 | D:10     | Bought a shimmering robe for 182 gold pieces
 11557 | D:10     | Identified the +1 robe of Vytruom {rElec MR- Dex+3 SInv} (You bought it in a shop on level 10 of the Dungeon)
 11564 | D:10     | Found Tury's Distillery.
 12099 | D:10     | Noticed an unseen horror
 12106 | D:10     | Killed an unseen horror
 12132 | D:10     | Found a staircase to the Orcish Mines.
 12301 | D:10     | Noticed a hill giant
 12316 | D:10     | Killed a hill giant
 13130 | D:10     | Found a staircase to the Lair.
 13147 | Lair:1   | Entered Level 1 of the Lair of Beasts
 13147 | Lair:1   | Noticed Fannar
 13150 | Lair:1   | Killed Fannar
 13187 | Lair:1   | Reached skill level 10 in Stealth
 13507 | Lair:1   | Noticed a six-headed hydra
 13520 | Lair:1   | Killed a six-headed hydra
 13941 | Lair:1   | Found a snail-covered altar of Cheibriados.
 13986 | Lair:1   | Reached XP level 12. HP: 47/97 MP: 11/23
 14721 | Lair:2   | Reached skill level 5 in Spellcasting
 14787 | Lair:2   | Reached skill level 10 in Fighting
 15018 | Lair:2   | Noticed Harold
 15046 | Lair:2   | Killed Harold
 15450 | Lair:3   | Noticed a five-headed hydra
 15455 | Lair:3   | Killed a five-headed hydra
 15542 | Lair:3   | Found a staircase to the Swamp.
 15633 | Lair:3   | Acquired Ashenzari's first power
 15738 | Lair:3   | Noticed nataq's ghost (powerful DrFi)
 15752 | Lair:3   | Killed nataq's ghost
 15818 | Lair:3   | Found a hole to the Spider Nest.
 16493 | Lair:4   | Found a dark tunnel.
 16516 | Volcano  | Entered a volcano
 17395 | Lair:4   | Reached skill level 12 in Dodging
 17448 | Lair:4   | Reached XP level 13. HP: 106/106 MP: 28/28
 17859 | Lair:5   | Found a hole to the Spider Nest.
 17863 | Lair:5   | Found a frozen archway.
 18970 | Lair:5   | Reached skill level 13 in Hexes
 19049 | Lair:5   | Acquired Ashenzari's second power
 19891 | Lair:5   | Reached skill level 14 in Hexes
 20968 | Lair:6   | Learned a level 6 spell: Mass Confusion
 20974 | Lair:6   | Learned a level 5 spell: Metabolic Englaciation
 21241 | Lair:6   | Reached skill level 15 in Hexes
 21601 | Lair:7   | Reached XP level 14. HP: 108/113 MP: 29/29
 21640 | Lair:7   | Reached skill level 1 in Ice Magic
 22536 | Lair:8   | Entered Level 8 of the Lair of Beasts
 22560 | Lair:8   | Found a staircase to the Slime Pits.
 22571 | Lair:8   | Found a viscous altar of Jiyva.
 22770 | Lair:8   | Reached skill level 15 in Dodging
 22845 | Lair:8   | Reached skill level 5 in Ice Magic
 23074 | Lair:8   | HP: 5/113 [wolf spider (15)]
 23074 | Lair:8   | Mangled by a hornet

Action                   |  1- 3 |  4- 6 |  7- 9 | 10-12 | 13-15 || total
-------------------------+-------+-------+-------+-------+-------++-------
Melee: Dagger            |   129 |   166 |   434 |   847 |   468 ||  2044
       Short sword       |       |       |       |    12 |       ||    12
       Rapier            |       |       |       |       |   524 ||   524
 Fire: Blowgun           |       |     8 |    11 |       |       ||    19
Throw: Tomahawk          |       |     4 |     3 |     5 |     2 ||    14
 Cast: Ensorcelled Hiber |     4 |     9 |    16 |    52 |    34 ||   115
       Confuse           |       |     6 |    38 |    28 |    15 ||    87
       Enslavement       |       |       |     3 |    11 |       ||    14
Evoke: Wand              |       |       |       |       |     1 ||     1
  Use: Scroll            |     8 |     3 |    13 |    12 |     8 ||    44
       Potion            |       |     3 |     9 |     7 |     3 ||    22
 Stab: Sleeping          |     7 |    15 |    22 |    65 |    49 ||   158
       Confused          |       |     3 |    15 |     7 |     3 ||    28
       Distracted        |       |     1 |     2 |     3 |     2 ||     8
  Eat: Corpse            |     1 |     3 |    10 |    15 |     6 ||    35
